 Dungeon Crawl Stone Soup version 0.19.0-2-gae57169 (webtiles) character file.

352 Chiseanne the Ducker (level 6, 0/43 HPs)
             Began as an Octopode Warper on Nov 5, 2016.
             Slain by an ogre
             ... wielding a +0 giant club
              (5 damage)
             ... on level 4 of the Dungeon.
             The game lasted 00:08:37 (3192 turns).

Chiseanne the Ducker (Octopode Warper)              Turns: 3192, Time: 00:08:38

Health: 0/43       AC:  1    Str: 10    XL:     6   Next: 62%
Magic:  19/20      EV: 15    Int: 15    God:
Gold:   226        SH:  0    Dex: 14    Spells: 4 memorised, 1 level left

rFire  . . .     SeeInvis +     s - +4 falchion (holy)
rCold  . . .     Gourm    .     (no shield)
rNeg   . . .     Faith    .     (helmet restricted)
rPois  .         Spirit   .     (no amulet)
rElec  .         Reflect  .     i - ring of see invisible
rCorr  .         Harm     .     j - ring of magical power
MR     .....                    (no ring)
Stlth  +++.......               (no ring)
                                (no ring)
                                (no ring)
                                (no ring)
                                (no ring)

@: no status effects
A: almost no armour, stealthy swim, amphibious, 8 rings, constrict 8, camouflage
1, gelatinous body 1
a: no special abilities


You were on level 4 of the Dungeon.
You were not hungry.

You visited 1 branch of the dungeon, and saw 4 of its levels.

You collected 226 gold pieces.

Inventory:

Hand Weapons
 q - a cursed -2 hand axe
 s - a +4 falchion of holy wrath (weapon)
Missiles
 d - 5 tomahawks of dispersal (quivered)
 e - 96 arrows
 m - 6 bolts
 n - 84 stones
 u - 4 tomahawks of returning
Jewellery
 i - a ring of see invisible (left tentacle)
 j - a ring of magical power (right tentacle)
Scrolls
 c - a scroll of blinking
 g - a scroll of remove curse
 r - 2 scrolls of teleportation
 v - 2 scrolls of recharging
Potions
 h - a potion of heal wounds
 k - 2 potions of agility
 l - 2 potions of curing
 o - a potion of brilliance {unknown}
 w - a potion of ambrosia {unknown}
Books
 b - a book of Spatial Translocations

   Spells                             Type                      Level
   a - Blink                          Translocation                2
   b - Shroud of Golubria             Charms/Translocation         2
   c - Lesser Beckoning               Translocation                3
   d - Portal Projectile              Translocation                3
   e - Teleport Other                 Translocation                3
   f - Passage of Golubria            Translocation                4
Comestibles
 a - 3 meat rations
 f - a bread ration
 p - 3 beef jerkies
 t - 3 chunks of flesh


   Skills:
 * Level 3.8 Fighting
   Level 2.0 Short Blades
 - Level 1.0 Throwing
 * Level 4.0 Dodging
 - Level 3.5 Stealth
 * Level 3.3 Spellcasting
 * Level 3.5 Translocations


You had one spell level left.
You knew the following spells:

 Your Spells              Type           Power        Failure   Level  Hunger
a - Blink                 Tloc           N/A          10%         2    ##.....
b - Shroud of Golubria    Chrm/Tloc      #.........   14%         2    ##.....
c - Lesser Beckoning      Tloc           ##........   17%         3    ###....
d - Teleport Other        Tloc           ##......     17%         3    ###....


Dungeon Overview and Level Annotations

Branches:
Dungeon (4/15)             Temple (0/1) D:4

Altars:
Fedhas
Trog
Yredelemnul

Shops:
D:4 ?

Annotations:
D:2 1 runed door


Innate Abilities, Weirdness & Mutations

You cannot wear most types of armour.
You are very stealthy in the water. (Stealth+)
You are amphibious.
You can wear up to eight rings at the same time.
You can use your tentacles to constrict eight enemies at once.
Your skin changes colour to match your surroundings (Stealth+).
Your rubbery body absorbs attacks. (AC +1, EV +1)


Message History

The ogre is lightly wounded.
Your shroud bends the centaur's attack away.
You hit the ogre.
The ogre is moderately wounded.
The centaur completely misses you. The ogre hits you with a giant club!
The centaur hits you.
You hit the ogre.
The ogre is heavily wounded.
The centaur hits you.
Your shroud falls apart!
The ogre closely misses you.
You riposte.
You hit the ogre. You squeeze the ogre, but do no damage.
The ogre is heavily wounded.
The centaur barely misses you.
You hit the ogre.
The ogre is severely wounded.
The centaur hits you!
* * * LOW HITPOINT WARNING * * *
The ogre hits you with a giant club.
You die...

#..# *,* *,*****,* *,* ##.#
##+##*,,,,,,,***,** #.#
##...##******,,,,,,, #.#
##.....## *****,** ##.##
##.......## **,***,*
##...####.........#***,,,**,**
#.......'.........+,,,,,,,,,,,
##...####....c....#***,,,**,**
##..## *#...@...#* **,***,*
#...# ##..O..## *****,** ##.##
##...## **,,,* #.# ##'##
*,,,,* #.# #.# *,,,,* #.# #.#
*,**** #.# ##.## *,* #.#
####...##########,* #.#
#................,*


You could see an ogre and a centaur.

Vanquished Creatures
  An ogre (D:4)
  A crimson imp (D:3)
  An orc priest (D:3)
  A human skeleton (D:2)
  A worker ant (D:4)
  A hound zombie (D:3)
  2 worker ant zombies (D:3)
  2 adders (D:2)
  2 oozes
  4 worms (D:4)
  2 dart slugs
  3 leopard geckos
  5 orcs (D:3)
  3 giant cockroaches
  A goblin (D:1)
  7 hobgoblins
  6 jackals
  3 quokkas
  A ball python (D:3)
  A ball python skeleton (D:3)
  9 bats
  8 frilled lizards
  7 kobolds
  A leopard gecko skeleton (D:3)
  7 rats
80 creatures vanquished.

Notes
Turn   | Place    | Note
-------+----------+-------------------------------------------
     0 | D:1      | Chiseanne the Octopode Warper began the quest for the Orb.
     0 | D:1      | Reached XP level 1. HP: 14/14 MP: 3/3
   495 | D:1      | Reached XP level 2. HP: 16/19 MP: 5/5
   498 | D:1      | Reached skill level 1 in Stealth
  1013 | D:1      | Learned a level 2 spell: Blink
  1016 | D:1      | Learned a level 2 spell: Shroud of Golubria
  1032 | D:2      | Reached XP level 3. HP: 19/25 MP: 6/6
  1311 | D:2      | Found a blossoming altar of Fedhas.
  1315 | D:2      | Reached skill level 3 in Dodging
  1455 | D:2      | Reached XP level 4. HP: 30/30 MP: 7/7
  1504 | D:2      | Found a runed door.
  1504 | D:2      | Noticed a human
  1508 | D:2      | Found a basalt altar of Yredelemnul.
  1687 | D:2      | Learned a level 3 spell: Lesser Beckoning
  1974 | D:3      | Reached XP level 5. HP: 36/36 MP: 9/9
  2152 | D:3      | Found a bloodstained altar of Trog.
  2183 | D:3      | Learned a level 3 spell: Teleport Other
  2558 | D:3      | Reached XP level 6. HP: 41/42 MP: 10/10
  2741 | D:4      | Found Abudghius's Magic Scroll Emporium.
  3140 | D:4      | Reached skill level 4 in Dodging
  3192 | D:4      | Slain by an ogre

Skill      XL: |  1  2  3  4  5  6 |
---------------+-------------------+-----
Stealth        | 2 3 |  3.5
Dodging        | 3 4 |  4.0
Fighting       | 3 |  3.8
Spellcasting   | 3 |  3.3
Short Blades   | |  2.0
Throwing       | |  1.0
Translocations | |  3.5

Action                   |  1- 3 |  4- 6 || total
-------------------------+-------+-------++-------
Melee: Short sword       |    74 |    70 ||   144
       Constrict         |    18 |    26 ||    44
       Tentacles         |     9 |    22 ||    31
       Falchion          |       |    37 ||    37
 Cast: Shroud of Golubri |       |     5 ||     5
       Blink             |       |     1 ||     1
       Lesser Beckoning  |       |     1 ||     1
  Use: Scroll            |     2 |     9 ||    11
 Stab: Sleeping          |    11 |    15 ||    26
       Distracted        |     1 |     1 ||     2
  Eat: Chunk             |     2 |     6 ||     8
Armor: Skin              |     7 |     5 ||    12
Dodge: Dodged            |    48 |    73 ||   121
       Rpst.: Falchion   |       |    13 ||    13
